 Dungeon Crawl Stone Soup version bcrawl-1.39.1 (webtiles) character file.

Game seed: 7569773461213992955

8685718 zoran the Fetichist (level 19, -7/151 HPs)
             Began as a Human Rogue on Sept 23, 2023.
             Was the Champion of Makhleb.
             Killed by divine providence
             ... invoked by a balrug
             ... summoned by the player character
              (11 damage)
             ... on level 1 of the Spriggan Forest.
             The game lasted 02:27:16 (32671 turns).

zoran the Fetichist (Human Rogue)                  Turns: 32671, Time: 02:27:17

Health: -7/151     AC: 18    Str: 23    XL:     19   Next: 12%
Magic:  27/31      EV: 20    Int: 19    God:    Makhleb [******]
Gold:   264        SH:  0    Dex: 24    Spells: 18/28 levels left

rFire    + + +     GDR:     40% c - +1 hand crossbow (venom)
rCold    + . .     SeeInvis +   (no shield)
rNeg     + . .     Gourm    .   w - +5 ring mail of Penwupt {rN+ Str+3 SInv}
rPois    +         Faith    .   s - +0 helmet
rElec    +         Spirit   .   D - +0 cloak {rF+}
rCorr    +         Reflect  .   (no gloves)
MR       +++..                  m - +2 pair of boots
Stlth    +++.......             n - amulet "Kouh" {Regen MR+ Dex+7}
HPRegen  1.16/turn              g - ring of Zaun {rPois rF+ MR+ Str+5}
MPRegen  0.22/turn              z - ring of wizardry

@: brilliant, resistant, lightly drained
A: no striking features
}: 1/15 runes: gossamer
a: Minor Destruction, Hew, Major Destruction, Greater Servant of Makhleb,
Renounce Religion


You were on level 1 of the Spriggan Forest.
You worshipped Makhleb.
Makhleb was exalted by your worship.
You were not hungry.

You visited 6 branches of the dungeon, and saw 26 of its levels.
You also visited: Ice Cave and Volcano.

You collected 2585 gold pieces.
You spent 2321 gold pieces at shops.

Inventory:

Hand Weapons
 a - a +1 rapier of electrocution
 c - a +1 hand crossbow of venom (weapon)
 y - a +5 blowgun
Missiles
 h - 545 poisoned needles
 j - 138 javelins
 u - 795 bolts (quivered)
 F - 2 throwing nets {=f}
 T - 46 javelins of penetration {=f}
Armour
 m - a +2 pair of boots (worn)
 s - a +0 helmet (worn)
 w - the +5 ring mail of Penwupt (worn) {rN+ Str+3 SInv}
   (You found it on level 6 of the Dungeon)

   It affects your strength (+3).
   It protects you from negative energy.
   It lets you see invisible.
 D - a +0 cloak of fire resistance (worn)
 O - +3 pearl dragon scales
 W - a scarf of spirit shield
Jewellery
 g - the ring of Zaun (left hand) {rPois rF+ MR+ Str+5}
   (You acquired it on level 11 of the Dungeon)

   [ring of protection from magic]

   It affects your strength (+5).
   It protects you from fire.
   It protects you from poison.
   It affects your resistance to hostile enchantments.
 n - the amulet "Kouh" (around neck) {Regen MR+ Dex+7}
   (You found it on level 6 of the Lair of Beasts)

   [amulet of regeneration]

   It affects your dexterity (+7).
   It affects your resistance to hostile enchantments.
 z - a ring of wizardry (right hand)
 M - an uncursed ring of insulation
 P - an uncursed ring of positive energy
 U - a +5 amulet of reflection
Wands
 d - a wand of clouds (3)
 f - a wand of flame (31)
 B - a wand of polymorph (14)
 L - a wand of disintegration (5)
 Z - a wand of paralysis (11)
Scrolls
 o - 9 scrolls of remove curse
 p - 3 scrolls of revelation
 C - a scroll of vulnerability
 E - 3 scrolls of enchant weapon
 H - 2 scrolls of immolation
 Y - 4 scrolls of fog
Potions
 i - a potion of berserk rage
 k - 3 potions of resistance
 r - 4 potions of ambrosia
 t - a potion of might
 v - 6 potions of mutation
 A - 5 potions of lignification
 G - 5 potions of curing
 J - a potion of magic
 N - 2 potions of brilliance
 Q - a potion of invisibility
 S - 2 potions of heal wounds
 X - 3 potions of cancellation
Miscellaneous
 b - a lightning rod (3/4)
 l - a lamp of fire (inert)
 q - a phial of floods (inert)
 x - a fan of gales (1/2)
 K - a sack of spiders (inert)
Comestibles
 e - 32 rations {!d}


   Skills:
 + Level 13.6(12.9) Fighting
 - Level 12.0(11.3) Short Blades
   Level 7.3(8.3) Slings
 - Level 14.0(13.2) Crossbows
 - Level 8.0(8.6) Throwing
 - Level 10.0(9.3) Armour
 - Level 10.0(9.3) Dodging
 - Level 5.0(4.4) Stealth
 - Level 5.0(4.4) Spellcasting
 - Level 9.0(8.3) Summonings
 - Level 8.0(7.3) Translocations
 + Level 11.3(10.6) Invocations
 - Level 17.0(16.2) Evocations


You had 18 spell levels left.
You knew the following spells:

 Your Spells              Type           Power        Failure   Level  Hunger
c - Summon Forest         Summ/Tloc      #####.....   1%          5    ######.
x - Call Canine Familiar  Summ           #####...     1%          3    ###....
y - Call Imp              Summ           #####.       1%          2    None

Your spell library contained the following spells:

 Spells                   Type           Power        Failure   Level  Hunger
 Apportation              Tloc           #####.       1%          1    None
 Freeze                   Ice            ###...       1%          1    None
 Slow                     Hex            ###.....     1%          1    None
 Static Discharge         Air            ###...       1%          1    None
 Sting                    Conj/Pois      ###.         1%          1    None
 Summon Butterflies       Summ           #####...     1%          1    None
 Summon Small Mammal      Summ           ####         1%          1    None
 Corpse Rot               Necr           N/A          1%          2    None
 Ensorcelled Hibernation  Hex/Ice        ###...       1%          2    None
 Shackle                  Hex            ###.....     1%          2    None
 Shock                    Conj/Air       ###....      1%          2    None
 Swiftness                Chrm/Air       ###.....     1%          2    None
 Throw Frost              Conj/Ice       ###...       1%          2    None
 Beckoning                Tloc           #####.....   1%          3    ###....
 False Image              Hex/Summ       ####....     1%          3    ###....
 Recall                   Summ/Tloc      N/A          1%          3    ###....
 Summon Ice Beast         Ice/Summ       ####....     1%          4    #####..
 Confuse                  Hex            ###.....     2%          3    ###....
 Dazzling Orbs            Conj/Hex       ###....      2%          3    ###....
 Mephitic Cloud           Conj/Pois/Air  ###.....     2%          3    ###....
 Ozocubu's Armour         Chrm/Ice       ###.....     2%          3    ###....
 Regeneration             Chrm/Necr      ###.......   2%          3    ###....
 Spectral Weapon          Hex/Chrm       ###.....     2%          3    ###....
 Tukima's Dance           Hex            ###.....     2%          3    ###....
 Summon Lightning Spire   Summ/Air       ####....     4%          5    ######.
 Agony                    Necr           ###.....     8%          4    #####..
 Animate Dead             Necr           N/A          8%          4    #####..
 Cause Fear               Hex            ###.......   8%          4    #####..
 Ice Form                 Ice/Tmut       ###.....     8%          4    #####..
 Lightning Bolt           Conj/Air       ###.....     8%          4    #####..
 Throw Icicle             Conj/Ice       ###.....     8%          4    #####..
 Dispel Undead            Necr           ###.....     19%         5    ######.
 Controlled Blink         Tloc           #####...     26%         7    #######
 Bolt of Fire             Conj/Fire      ###.......   58%         6    #######
 Death Channel            Chrm/Necr      ###.......   58%         6    #######
 Deflect Missiles         Chrm/Air       ###.......   58%         6    #######
 Invisibility             Hex            ###.....     58%         6    #######
 Poison Arrow             Conj/Pois      ###.......   58%         6    #######
 Simulacrum               Ice/Necr       ###.....     58%         6    #######
 Dragon Form              Tmut           ###....      96%         7    #######
 Dragon's Call            Summ           #####.....   100%        9    #######
 Fire Storm               Conj/Fire      ###.......   100%        9    #######


Dungeon Overview and Level Annotations

Branches:
Dungeon (12/12)            Temple (0/1) D:7            Lair (6/6) D:8
  Swamp (3/3) Lair:4       Spider (3/3) Lair:3        Slime (0/5) Orc
    Orc (1/1) D:8          Vaults (0/3) D:11         Forest (1/3) Lair:6
 Depths (0/5) D:12

Altars:
Cheibriados
Dithmenos
Elyvilon
Gozag
Hepliaklqana
Kikubaaqudgha
Makhleb
Okawaru
Ru
Sif Muna
Trog
Vehumet
Xom
Jiyva

Shops:
D:7 %[(}   D:8 [   D:10 (   Orc %[=}

Annotations:
D:2 1 runed door
D:6 1 exclusion
Lair:2 3 runed translucent doors, Burana's ghost, journeyman VSAc
Lair:3 1 runed translucent door, Vire's ghost, journeyman OpEE
Swamp:3 Mara
Spider:1 1 exclusion


Message History

The fireball explodes!
You resist. The fireball engulfs you.
* * * LOW HITPOINT WARNING * * *
The fireball engulfs the balrug.
The balrug completely resists.
The polar bear is engulfed in blazing flames.
The polar bear growls angrily.
You hear a chilling moan. x3
You hear a bellow!
You enter the shallow water.
Moving in this stuff is going to be slow.
The plant is engulfed in blazing flames.
The polar bear is engulfed in blazing flames. x2
The balrug misses you.
The spriggan defender is engulfed in a cloud of scalding steam.
The spriggan defender hits you with a +2 quick blade of piercing!
* * * LOW HITPOINT WARNING * * *
x2 The plant is engulfed in blazing flames.
The polar bear is engulfed in blazing flames.
The spriggan defender is engulfed in a cloud of scalding steam.
The balrug gestures at you. Makhleb smites you!
You die...

*,≈≈≈,,,...♣§§.☼.§§♣ii≈♣.♣♣♣.♣,*
,*,,,,,,♣P...§♣h§i♣♣♣♣♣≈♣♣♣P♣.**
,,*≈,,,,,§?♣P§♣§§○°§§♣.♣.♣♣♣P.*
,**≈**≈≈**♣§.♣§h≈§.≈[♣♣.♣♣♣♣♣.*
≈≈*≈,,≈,*,♣§§♣§§.§≈≈§.♣.!♣.♣.♣*
≈≈≈≈,≈≈≈≈≈,♣§.§........≈≈♣.♣♣♣
≈≈≈≈,≈≈≈≈,♣.P♣2§.≈♣.≈†.≈≈..!.♣*
≈≈≈≈≈≈≈≈YcY≈.§§i♣♣≈.[≈..≈P♣♣.P*
*≈≈,,≈≈≈≈≈≈v≈♣§≈@♣...?.≈..♣..♣*
≈*≈*,≈≈≈v≈≈≈≈.≈≈§≈..≈♣..♣.♣.♣♣**
*,,,,,,≈≈♣≈≈≈≈≈♣≈≈≈≈≈.P♣.♣.♣..,*
≈,,*,*,≈..≈.≈≈≈P≈P≈≈.≈≈)♣...♣.**
,≈≈,,,,≈.♣♣♣♣≈≈≈≈≈.♣♣≈♣♣≈♣.♣♣♣*
≈≈,≈,,,**≈*≈≈P.P≈.≈♣*.≈.♣.♣♣
≈≈≈≈≈≈,*,*,♣♣.P.≈♣≈≈≈..≈*♣♣
≈≈≈≈≈≈,,*,,**♣♣≈♣≈≈≈♣,***
≈≈,≈≈≈≈,≈*,*,≈,,,*,,,**


You could see a balrug, a spriggan defender and 2 polar bears.

Vanquished Creatures
  Rupert (Lair:6)
  Aizul (Spider:1)
  4 ghost moths
  8 emperor scorpions
  An elemental wellspring (Forest:1)
  Nessos (D:11)
  A dire elephant (Lair:6)
  4 spark wasps
  An entropy weaver (Spider:2)
  A red draconian (Volcano)
  An ettin (D:11)
  A fire dragon (D:11)
  Josephine (Spider:1)
  A yaktaur captain (D:12)
  15 hydras
  2 ogre magi
  3 catoblepae (Lair:6)
  A spriggan air mage (Forest:1)
  2 anacondas (Forest:1)
  A shambling mangrove (Swamp:1)
  2 ghost crabs (Swamp:2)
  A tengu warrior (D:10)
  10 two-headed ogres
  10 alligators
  A death knight (D:11)
  10 death yaks
  4 orc high priests (Orc)
  A spriggan berserker (Forest:1)
  The ghost of Baz the Fighter, a novice DrHu of Dithmenos (D:8)
  3 centaur warriors
  A wizard (D:11)
  3 spriggan druids
  A glowing orange brain (D:11)
  An unseen horror (D:12)
  4 swamp dragons
  A wolf spider zombie (D:11)
  Pikel (D:8)
  An orc knight (Orc)
  16 orb spiders
  2 orc sorcerers
  33 wolf spiders
  2 deep elf magi (D:12)
  An ugly thing (D:11)
  2 manticores (Lair:6)
  An elephant (D:8)
  3 moths of wrath
  4 black mambas
  A water nymph (Forest:1)
  16 cane toads
  2 torpor snails
  3 rime drakes
  An efreet (D:11)
  26 jumping spiders
  A yaktaur (D:12)
  8 komodo dragons
  11 demonic crawlers
  2 freezing wraiths (D:11)
  6 trolls
  3 meliai (D:11)
  A wolf spider simulacrum (D:11)
  A queen bee (Lair:3)
  4 tyrant leeches
  28 blink frogs
  14 hornets
  A polar bear (shapeshifter) (D:12)
  2 slime creatures
  8 hippogriffs
  6 dream sheep (Lair:6)
  3 bog bodies (Swamp:1)
  A shadow (D:12)
  6 wraiths
  49 yaks
  10 spriggans
  A water elemental (Lair:6)
  2 humans (D:11)
  13 tarantellas
  5 basilisks
  A wyvern (Lair:2)
  A golden eye (shapeshifter) (D:12)
  3 vampire mosquitoes
  3 wargs
  3 steam dragons
  43 redbacks
  3 hungry ghosts (D:8)
  9 water moccasins
  7 swamp worms
  11 crocodiles
  10 porcupines
  14 orc warriors
  2 ice beasts (Lair:2)
  3 black bears
  3 hornet zombies
  9 ogres
  2 slaves (D:8)
  9 sky beasts
  8 boggarts
  A necrophage (D:6)
  14 wolves
  13 bullfrogs
  2 kobold brigands
  Blork the orc (D:8)
  A gnoll sergeant (D:6)
  5 centaurs
  5 scorpions
  19 killer bees
  An electric eel (Lair:3)
  5 howler monkeys
  4 wights (D:7)
  9 crimson imps
  25 orc priests
  3 hounds
  12 orc wizards
  8 jellies
  5 bullfrog skeletons
  Ijyb (D:3)
  3 iguanas
  Terence (D:2)
  12 worker ants
  A killer bee zombie (D:8)
  2 worker ant zombies
  Robin (D:2)
  2 howler monkey skeletons
  16 adders
  3 gnolls (D:6)
  A hound simulacrum (D:8)
  4 shadow imps
  6 oozes
  An adder zombie (D:9)
  2 adder skeletons (D:4)
  5 worms
  5 dart slugs
  A leopard gecko (D:1)
  54 orcs
  5 giant cockroaches
  11 goblins
  11 hobgoblins
  16 jackals
  16 kobolds
  4 quokkas
  2 ball pythons
  7 bats
  8 frilled lizards
  A jackal skeleton (D:4)
  A jackal zombie (D:7)
  7 rats
  A plant (Forest:1)
894 creatures vanquished.

Vanquished Creatures (collateral kills)
  Arachne (Spider:2)
  The ghost of Finalfun the Ruinous, an adept FrCj of Sif Muna (Spider:2)
  2 ghost moths (Spider:3)
  Louise (Swamp:2)
  An emperor scorpion (Spider:2)
  A dancing weapon (Spider:2)
  4 orb spiders (Spider:3)
  2 wolf spiders (Spider:3)
  2 jumping spiders
  A demonic crawler (Spider:3)
  3 hornets
  3 slime creatures (Swamp:2)
  A tarantella (Spider:1)
  A swamp drake (Swamp:2)
  A phantom (D:7)
  3 ice beasts (IceCv)
  2 killer bees
  A jelly (D:6)
  A goblin (D:2)
32 creatures vanquished.

Vanquished Creatures (others)
  Urug (D:11)
  A death knight (D:11)
  A cyclops (D:11)
  A queen bee (Spider:1)
  3 meliai (Spider:1)
  A bog body (Swamp:1)
  14 humans (D:11)
  A hornet zombie (D:11)
  10 killer bees
  A wight (D:7)
  An orc priest (Orc)
  A worker ant (D:11)
  An orc (Orc)
  A goblin (D:2)
  A bush (Lair:5)
  14 fungi
  18 plants
  4 snaplasher vines (Spider:3)
75 creatures vanquished.

Grand Total: 1001 creatures vanquished

Notes
Turn   | Place    | Note
-------+----------+-------------------------------------------
     0 | D:1      | zoran the Human Rogue began the quest for the Orb.
     0 | D:1      | Reached XP level 1. HP: 16/16 MP: 2/2
   152 | D:1      | Reached XP level 2. HP: 22/22 MP: 4/4
   176 | D:1      | Reached skill level 5 in Stealth
   424 | D:1      | Reached XP level 3. HP: 28/28 MP: 5/5
   443 | D:1      | Reached skill level 3 in Evocations
  1099 | D:2      | Noticed Robin
  1237 | D:1      | Reached XP level 4. HP: 27/35 MP: 6/6
  1271 | D:2      | Killed Robin
  1272 | D:2      | Reached skill level 1 in Throwing
  1452 | D:2      | Reached XP level 5. HP: 8/41 MP: 7/7
  1585 | D:2      | Found a runed door.
  1884 | D:2      | Noticed Terence
  1903 | D:2      | Killed Terence
  2093 | D:3      | Noticed Ijyb
  2094 | D:3      | Reached skill level 1 in Armour
  2094 | D:3      | Reached skill level 1 in Dodging
  2111 | D:3      | Killed Ijyb
  2112 | D:3      | Reached XP level 6. HP: 20/47 MP: 8/8
  2127 | D:2      | HP: 1/47 [orc/+0 mace (3)]
  2568 | D:3      | Reached skill level 4 in Evocations
  3189 | D:4      | Found a sacrificial altar of Ru.
  3345 | D:4      | Reached XP level 7. HP: 52/52 MP: 10/10
  3381 | D:4      | Reached skill level 5 in Evocations
  3797 | D:4      | Found a bloodstained altar of Trog.
  3844 | D:4      | Found a shimmering altar of Xom.
  3891 | D:4      | Reached XP level 8. HP: 46/61 MP: 11/11
  3938 | D:4      | Reached skill level 5 in Short Blades
  3947 | D:4      | Reached skill level 5 in Fighting
  4316 | D:5      | Entered Level 5 of the Dungeon
  4607 | D:5      | Found a hazy altar of Hepliaklqana.
  4609 | D:5      | Found a snail-covered altar of Cheibriados.
  4661 | D:5      | Noticed Sigmund
  4663 | D:5      | Noticed Sigmund
  4663 | D:5      | Sigmund changed into Sigmund the jelly
  4665 | D:5      | Killed Sigmund the jelly
  5037 | D:5      | Found a burning altar of Makhleb.
  5068 | D:5      | Became a worshipper of Makhleb the Destroyer
  5087 | D:5      | Found a white marble altar of Elyvilon.
  5140 | D:5      | Reached XP level 9. HP: 74/74 MP: 12/12
  5152 | D:5      | Found a shadowy altar of Dithmenos.
  5416 | D:5      | Found an ancient bone altar of Kikubaaqudgha.
  5483 | D:6      | Noticed a hippogriff
  5805 | D:6      | Killed a hippogriff
  5978 | D:6      | Found a bloodstained altar of Trog.
  5981 | D:6      | Noticed a troll
  5982 | D:6      | Got a transparent ring mail
  6248 | D:6      | Reached skill level 5 in Throwing
  6394 | D:5      | Identified the +5 ring mail of Penwupt {rN+ Str+3 SInv}
                  | (You found it on level 6 of the Dungeon)
  6520 | D:6      | Reached * piety under Makhleb
  6606 | D:6      | Reached skill level 10 in Fighting
  6613 | D:6      | Found an opulent altar of Gozag.
  6722 | D:6      | Killed a troll
  6723 | D:6      | Reached XP level 10. HP: 80/86 MP: 13/13
  7043 | D:7      | Found Husutie's Gadget Boutique.
  7058 | D:7      | Found Elidwive's Armour Emporium.
  7246 | D:7      | Found Bewk's Food Shoppe.
  7260 | D:7      | Found a staircase to the Ecumenical Temple.
  7361 | D:7      | Reached ** piety under Makhleb
  7661 | D:7      | Found Maumoh's Antique Weapon Emporium.
  7938 | D:7      | Reached skill level 5 in Armour
  7938 | D:7      | Reached skill level 5 in Dodging
  7938 | D:7      | Reached skill level 1 in Invocations
  8004 | D:7      | Found a bloodstained altar of Trog.
  8064 | D:8      | Found Buoh's Armour Shop.
  8144 | D:7      | Reached skill level 5 in Invocations
  8223 | D:8      | Found a shimmering blue altar of Sif Muna.
  8223 | D:8      | Noticed Blork the orc
  8230 | D:8      | Killed Blork the orc
  8231 | D:8      | Reached XP level 11. HP: 91/93 MP: 14/14
  8332 | D:8      | Found a staircase to the Lair.
  8355 | D:8      | Noticed an elephant
  8393 | D:8      | Noticed Pikel
  8608 | D:8      | Killed Pikel
  8608 | D:8      | Reached *** piety under Makhleb
  8609 | D:8      | Reached skill level 6 in Evocations
  8632 | D:8      | Reached skill level 7 in Evocations
  8781 | D:8      | Found a staircase to the Orcish Mines.
  8801 | D:9      | Noticed a two-headed ogre
  8803 | D:9      | Noticed Maurice
  9214 | D:8      | Killed an elephant
  9215 | D:8      | Reached skill level 8 in Evocations
  9289 | D:7      | Bought a runed rapier for 112 gold pieces
  9289 | D:7      | Bought a runed rapier for 112 gold pieces
  9289 | D:7      | Bought a glowing scimitar for 112 gold pieces
  9338 | Lair:1   | Entered Level 1 of the Lair of Beasts
  9579 | D:8      | Found a runed translucent door.
  9580 | D:8      | Noticed Baz's ghost (novice DrHu)
  9755 | Lair:1   | Noticed a seven-headed hydra
  9795 | Lair:1   | Noticed a five-headed hydra
  9807 | Lair:1   | Killed a five-headed hydra
  9992 | Lair:1   | Noticed a five-headed hydra
 10268 | Lair:1   | Reached XP level 12. HP: 92/100 MP: 18/18
 10507 | Lair:1   | Killed a seven-headed hydra
 10508 | Lair:1   | Reached skill level 10 in Short Blades
 10580 | Lair:1   | Killed a five-headed hydra
 11208 | Lair:2   | Reached **** piety under Makhleb
 11445 | Lair:2   | Reached skill level 9 in Evocations
 11618 | Lair:2   | Found a frozen archway.
 11650 | IceCv    | Entered an ice cave
 11660 | IceCv    | Found a transporter.
 11801 | Lair:2   | Reached skill level 10 in Evocations
 11801 | Lair:2   | Reached skill level 1 in Slings
 11805 | Lair:2   | Reached XP level 13. HP: 103/106 MP: 20/20
 12075 | Lair:2   | Found a runed translucent gate.
 12076 | Lair:2   | Found a runed translucent gate.
 12077 | Lair:2   | Found a runed translucent gate.
 12078 | Lair:2   | Noticed an 11-headed hydra
 12078 | Lair:2   | Noticed Burana's ghost (journeyman VSAc)
 12080 | Lair:2   | Noticed a nine-headed hydra
 12201 | Lair:2   | Noticed a four-headed hydra
 12208 | Lair:2   | Killed a four-headed hydra
 12512 | Lair:3   | Noticed Sonja
 12597 | Lair:3   | Reached skill level 5 in Slings
 12685 | Lair:3   | Found a runed translucent door.
 12685 | Lair:3   | Noticed Vire's ghost (journeyman OpEE)
 12693 | Lair:3   | Learned a level 2 spell: Call Imp
 12719 | Lair:3   | Noticed an eight-headed hydra
 12754 | Lair:3   | Got an ichor-stained quarterstaff
 12764 | Lair:3   | Killed an eight-headed hydra
 13239 | Lair:3   | Noticed Sonja
 13239 | Lair:3   | Sonja changed into Sonja the queen bee
 13247 | Lair:3   | Killed Sonja the queen bee
 13395 | Lair:3   | Reached skill level 1 in Crossbows
 13395 | Lair:3   | Found a hole to the Spider Nest.
 14013 | Lair:4   | Found a staircase to the Swamp.
 14338 | Lair:4   | Identified the +2 quarterstaff "Jellybane" {drain, rPois
                  | MR- Int+4} (You found it on level 3 of the Lair of Beasts)
 14707 | Lair:5   | Noticed a five-headed hydra
 14712 | Lair:5   | Killed a five-headed hydra
 14786 | Lair:5   | Noticed a six-headed hydra
 14787 | Lair:5   | Noticed a seven-headed hydra
 14803 | Lair:5   | Killed a six-headed hydra
 14804 | Lair:5   | Reached skill level 5 in Summonings
 14840 | Lair:5   | Killed a seven-headed hydra
 14841 | Lair:5   | Reached skill level 5 in Crossbows
 14895 | Lair:5   | Found a dark tunnel.
 14902 | Volcano  | Entered a volcano
 14919 | Volcano  | Noticed an ogre mage
 14925 | Volcano  | Killed an ogre mage
 14928 | Volcano  | Found a burning altar of Makhleb.
 15111 | Volcano  | Noticed a red draconian
 15120 | Volcano  | Killed a red draconian
 15121 | Volcano  | Reached XP level 14. HP: 52/113 MP: 21/21
 15474 | Lair:5   | Reached skill level 10 in Crossbows
 15759 | Lair:6   | Entered Level 6 of the Lair of Beasts
 16174 | Lair:5   | Reached ***** piety under Makhleb
 16868 | Lair:6   | Found a staircase to the Spriggan Forest.
 17566 | Lair:6   | Reached XP level 15. HP: 110/120 MP: 22/22
 17586 | Lair:6   | Noticed Rupert
 17588 | Lair:6   | Paralysed by Rupert for 3 turns
 17702 | Lair:6   | Killed Rupert
 18114 | Lair:6   | Got a sparkling brass amulet
 18115 | Lair:6   | Identified the amulet "Kouh" {Regen MR+ Dex+7} (You found
                  | it on level 6 of the Lair of Beasts)
 18528 | D:9      | Noticed Maurice
 18528 | D:9      | Maurice changed into Maurice the ooze
 18545 | D:9      | Killed Maurice the ooze
 18658 | D:9      | Reached skill level 1 in Spellcasting
 19079 | D:10     | Entered Level 10 of the Dungeon
 19427 | D:10     | Found Ywaehocw's Weapon Shoppe.
 19467 | D:10     | Found an iron altar of Okawaru.
 19922 | D:11     | Found a gate to the Vaults.
 19922 | D:11     | Noticed Nessos
 19922 | D:11     | Noticed Urug
 19924 | D:11     | Killed Nessos
 19925 | D:11     | Reached skill level 10 in Invocations
 19929 | D:11     | Killed Urug
 20050 | D:11     | Reached skill level 5 in Spellcasting
 20208 | D:11     | Reached ****** piety under Makhleb
 20831 | D:11     | Identified the Volume of Poisoning and Orientation
 20849 | D:11     | Identified a scroll of acquirement
 20855 | D:11     | Identified the -3 hat of Compression {rPois rF+ Slay+3}
                  | (You acquired it on level 11 of the Dungeon)
 20855 | D:11     | Identified the ring of Zaun {rPois rF+ MR+ Str+5} (You
                  | acquired it on level 11 of the Dungeon)
 20872 | D:11     | Identified Myriv's Tome of Evil Arts
 20939 | D:11     | Found a runed door.
 20940 | D:11     | Found a runed door.
 20998 | D:11     | Reached XP level 16. HP: 98/127 MP: 23/23
 21465 | D:12     | Entered Level 12 of the Dungeon
 21605 | Orc      | Entered the Orcish Mines
 21934 | Orc      | Reached skill level 10 in Dodging
 21944 | Orc      | Learned a level 3 spell: Call Canine Familiar
 22171 | Orc      | Found Icidoin's Gadget Shoppe.
 22179 | Orc      | Found Urryt's Antique Armour Emporium.
 22180 | Orc      | Found Doilixt's Food Emporium.
 22184 | Orc      | Found Efys's Jewellery Shoppe.
 22215 | Orc      | Found a viscous altar of Jiyva.
 22215 | Orc      | Found a staircase to the Slime Pits.
 22215 | Orc      | Found a viscous altar of Jiyva.
 22702 | D:8      | Bought +1 pearl dragon scales for 1153 gold pieces
 22730 | D:8      | Learned a level 5 spell: Summon Forest
 22811 | Spider:1 | Entered Level 1 of the Spider Nest
 23374 | Spider:1 | Noticed Aizul
 23394 | Spider:1 | Killed Aizul
 23465 | Spider:1 | Noticed Josephine
 23482 | Spider:1 | Killed Josephine
 23542 | Spider:1 | Reached skill level 1 in Translocations
 24446 | Spider:2 | Reached XP level 17. HP: 135/135 MP: 24/24
 24787 | Swamp:1  | Entered Level 1 of the Swamp
 25823 | Swamp:1  | Reached skill level 5 in Translocations
 25975 | Swamp:2  | Noticed a thorn hunter
 26513 | Swamp:2  | Noticed Louise
 26817 | Spider:2 | Noticed Arachne
 26951 | Spider:2 | Reached skill level 10 in Armour
 26994 | Spider:2 | Found a runed translucent door.
 27004 | Spider:2 | Found a shimmering altar of Xom.
 27004 | Spider:2 | Identified the cursed +3 dire flail "Grim" {chaos, rElec
                  | rC+ Int+7}
 27004 | Spider:2 | Noticed Finalfun's ghost (adept FrCj)
 27047 | Spider:2 | Killed Arachne
 27059 | Spider:2 | Reached XP level 18. HP: 143/143 MP: 9/25
 27080 | Spider:2 | Killed Finalfun's ghost
 27123 | Spider:2 | Identified the +0 pair of gloves of Agoraphobia {*Drain
                  | +Inv rF+} (You acquired it on level 2 of the Spider Nest)
 27123 | Spider:2 | Identified the amulet "Okedao Cier" {Gourm *Corrode MR+
                  | Int+4} (You acquired it on level 2 of the Spider Nest)
 27571 | Spider:3 | Entered Level 3 of the Spider Nest
 28201 | D:12     | Found a staircase to the Depths.
 28207 | D:12     | Reached skill level 11 in Evocations
 28309 | D:12     | Identified Sif Muna's Reference Book on Hexes and
                  | Necromancy
 28434 | D:12     | Found a radiant altar of Vehumet.
 28473 | D:12     | Reached skill level 12 in Evocations
 29143 | D:7      | Bought a lamp of fire for 520 gold pieces
 29143 | D:7      | Bought a wand of clouds (4) for 195 gold pieces
 29143 | D:7      | Bought a wand of clouds (2) for 117 gold pieces
 29470 | Forest:1 | Entered Level 1 of the Spriggan Forest
 29653 | D:8      | Killed Baz's ghost
 29665 | D:8      | Got a twisted falchion
 29667 | D:8      | Identified the +0 falchion "Syghieck" {slice, *Contam Str+5
                  | SInv} (You found it on level 8 of the Dungeon)
 29866 | Spider:2 | Reached skill level 13 in Evocations
 30617 | Spider:3 | Reached skill level 14 in Evocations
 30951 | Spider:3 | Reached skill level 15 in Evocations
 31094 | Spider:3 | Reached skill level 16 in Evocations
 31238 | Spider:3 | Reached skill level 17 in Evocations
 31667 | Spider:3 | Got a gossamer rune of Zot
 32093 | Swamp:2  | Killed Louise
 32094 | Swamp:2  | Reached XP level 19. HP: 150/150 MP: 31/31
 32371 | Swamp:3  | Entered Level 3 of the Swamp
 32396 | Swamp:3  | Noticed Mara
 32670 | Forest:1 | HP: 5/151 [spriggan defender/+2 quick blade of piercing
                  | (14)]
 32671 | Forest:1 | Killed from afar by a balrug

Skill      XL: |  1  2  3  4  5  6  7  8  9 10 11 12 13 14 15 16 17 18 19 |
---------------+----------------------------------------------------------+-----
Stealth        | 5 |  5.0
Evocations     | 3 4 5 8 10 17 | 17.0
Short Blades   | 3 4 5 8 12 | 12.0
Fighting       | 3 4 7 10 11 12 13 | 13.6
Throwing       | 2 3 5 8 |  8.0
Armour         | 1 2 5 7 10 | 10.0
Dodging        | 1 2 5 8 10 | 10.0
Invocations    | 5 7 10 11 | 11.3
Slings         | 2 7 |  7.3
Summonings     | 5 6 8 9 |  9.0
Crossbows      | 7 12 14 | 14.0
Spellcasting   | 5 |  5.0
Translocations | 3 7 8 |  8.0

Action                   |  1- 3 |  4- 6 |  7- 9 | 10-12 | 13-15 | 16-18 | 19-21 || total
-------------------------+-------+-------+-------+-------+-------+-------+-------++-------
Melee: Dagger            |    89 |   114 |   252 |   333 |       |       |       ||   788
       Rapier            |       |       |       |   221 |   666 |   898 |    27 ||  1812
       Falchion          |       |       |       |       |       |    15 |       ||    15
 Fire: Hand crossbow     |       |       |       |       |   157 |   455 |     3 ||   615
       Hunting sling     |       |       |       |       |   186 |    20 |       ||   206
       Blowgun           |       |       |       |       |       |   168 |     2 ||   170
Throw: Javelin           |     3 |     1 |     5 |    63 |    57 |     8 |     2 ||   139
       Tomahawk          |       |    58 |   102 |    67 |       |       |       ||   227
 Cast: Call Imp          |       |       |       |       |     9 |     8 |     1 ||    18
       Call Canine Famil |       |       |       |       |       |    46 |     2 ||    48
       Summon Forest     |       |       |       |       |       |    11 |     1 ||    12
Invok: Minor Destruction |       |       |       |    82 |    50 |     5 |       ||   137
       Major Destruction |       |       |       |       |     6 |    17 |       ||    23
       Greater Servant o |       |       |       |       |       |     3 |     1 ||     4
Evoke: Wand              |     1 |     9 |    14 |    10 |    51 |    55 |     3 ||   143
       Sack of spiders   |       |       |       |       |     1 |     2 |     1 ||     4
       Lightning rod     |       |       |       |       |       |    12 |     2 ||    14
       Fan of gales      |       |       |       |       |       |     3 |     1 ||     4
       Phial of floods   |       |       |       |       |       |     2 |     1 ||     3
       Lamp of fire      |       |       |       |       |       |       |     1 ||     1
       Phantom mirror    |       |       |       |       |       |       |     1 ||     1
  Use: Potion            |       |     3 |     1 |     1 |     4 |    12 |     3 ||    24
       Scroll            |       |     2 |     4 |     6 |    18 |    12 |     3 ||    45
 Stab: Sleeping          |    13 |     4 |     3 |     2 |     6 |     1 |       ||    29
       Distracted        |       |       |       |     4 |     1 |    13 |     1 ||    19
       Paralysed         |       |       |       |       |     3 |     1 |       ||     4
       Invisible         |       |       |       |       |       |     4 |       ||     4
  Eat: Chunk             |     3 |     9 |    16 |    27 |    33 |    50 |     1 ||   139
       Ration            |       |       |     1 |     1 |     4 |     6 |     1 ||    13
Armor: Robe              |    25 |    33 |       |       |       |       |       ||    58
       Ring mail         |       |       |    76 |   228 |   234 |   165 |    15 ||   718
       Skin              |       |       |    62 |     9 |       |       |       ||    71
       Pearl dragon scal |       |       |       |       |       |   458 |       ||   458
Dodge: Dodged            |    46 |    78 |   111 |   368 |   394 |  1243 |    42 ||  2282
Block: Other             |       |       |       |       |       |     5 |       ||     5
